 Dungeon Crawl Stone Soup version 0.29-a0-617-g7a6b98fccd (webtiles) character file.

Game seed: 1815594767322576855

1180 jifgo the Cleaver (level 8, -2/69 HPs)
             Began as a Minotaur Berserker on June 18, 2022.
             Was a Believer of Trog.
             Slain by a yak (3 damage)
             ... on level 5 of the Dungeon.
             The game lasted 00:07:47 (4515 turns).

jifgo the Cleaver (Minotaur Berserker)              Turns: 4515, Time: 00:07:48

Health: -2/69      AC: 12    Str: 33    XL:     8   Next: 19%
Magic:  7/7        EV: 10    Int:  4    God:    Trog [**....]
Gold:   153        SH:  0    Dex: 15    Spells: 7/7 levels left

rFire   . . .      SeeInvis .   a - +9 mace "Faicvoe" {distort, Str+3}
rCold   . . .      Faith    .   (no shield)
rNeg    . . .      Spirit   .   k - +0 chain mail
rPois   .          Reflect  .   (helmet restricted)
rElec   .          Harm     .   j - scarf {shadows}
rCorr   .          Rampage  .   (no gloves)
Will    .....                   q - +2 pair of boots
Stlth   ..........              (no amulet)
HPRegen 0.21/turn               m - ring "Pahoq" {*Corrode +Blink Str+5 Dex+6}
MPRegen 0.10/turn               (no ring)

@: on berserk cooldown, slowed, very slow
A: horns 2, retaliatory headbutt
a: Renounce Religion, Evoke Blink, Berserk, Trog's Hand


You were on level 5 of the Dungeon.
You worshipped Trog.
Trog was pleased with you.
You visited 1 branch of the dungeon, and saw 5 of its levels.

You collected 153 gold pieces.

Inventory:

Hand Weapons
 a - the +9 mace "Faicvoe" (weapon) {distort, Str+3}
   (You found it on level 4 of the Dungeon)

   It warps and distorts space around it, and may blink, banish, or inflict
   extra damage upon those it strikes.
   Unwielding it can cause banishment or high damage.
   Str:       It affects your strength (+3).
 b - a +0 hunting sling
 r - a +2 dagger of electrocution
 v - a +0 war axe
Missiles
 n - 4 boomerangs
Armour
 j - a scarf of shadows (worn)
 k - a +0 chain mail (worn)
 q - a +2 pair of boots (worn)
Jewellery
 i - an amulet of the acrobat
 m - the ring "Pahoq" (left hand) {*Corrode +Blink Str+5 Dex+6}
   (You found it on level 2 of the Dungeon)

   [ring of dexterity]

   Str:       It affects your strength (+5).
   Dex:       It affects your dexterity (+6).
   +Blink:    It lets you blink.
   *Corrode:  It may corrode you when you take damage.
Scrolls
 e - a scroll of blinking {unknown}
 g - 2 scrolls of poison {unknown}
 p - a scroll of enchant weapon {unknown}
 s - 2 scrolls of immolation {unknown}
 t - a scroll of enchant armour {unknown}
 u - 2 scrolls of identify
Potions
 c - a potion of cancellation
 d - 3 potions of heal wounds {unknown}
 f - 2 potions of mutation
 h - a potion of might
 l - a potion of resistance {unknown}
 o - 2 potions of curing


   Skills:
 + Level 5.6 Fighting
 - Level 8.7(9.2) Axes
 + Level 4.0(6.9) Maces & Flails
 + Level 3.2 Throwing
 + Level 4.8 Armour
 - Level 2.1 Dodging


You had 7 spell levels left.
You didn't know any spells.
Your spell library was empty.

Dungeon Overview and Level Annotations

Branches:
Dungeon (5/15)
 Temple: D:4-7

Altars:
Elyvilon

Shops:
D:3 =:[([

Annotations:
D:3 1 runed translucent door, chrisa4242's ghost, amateur KoFi


Innate Abilities, Weirdness & Mutations

You have a pair of horns on your head.
You reflexively headbutt those who attack you in melee.


Message History

The scorpion is almost dead.
The scorpion stings you but does no damage.
Unknown command.
You sock the scorpion!
You kill the scorpion!
Trog accepts your kill.
You have reached level 8!
You feel stronger.
You sock the yak!
Space warps around the yak.
Your headbutt misses the yak.
The yak is heavily wounded.
The yak gores you!
* * * LOW HITPOINT WARNING * * *
The yak barely misses you. You furiously retaliate!
You headbutt the yak. You closely miss the yak. You headbutt the yak!
The yak is almost dead.
The yak barely misses you. You furiously retaliate!
You headbutt the yak! The yak gores you!
* * * LOW HITPOINT WARNING * * *
You bludgeon the yak!!
You kill the yak!
Trog accepts your kill. The adder misses you.
Your base Maces & Flails skill increases to level 4!
Your Throwing skill increases to level 3!
Unknown command.
You bludgeon the adder!!
You kill the adder!
Trog accepts your kill. The yak gores you but does no damage.
Unknown command.
You barely miss the yak. You headbutt the yak!!
The yak is severely wounded.
The yak gores you.
* * * LOW HITPOINT WARNING * * *
You barely miss the yak.
The yak is severely wounded.
You are no longer berserk.
You are exhausted.
You feel yourself slow down. The yak gores you.
You die...

......
.....#
.....#
.....#
.....#
###.....#
#††......
#@Y......
#.†......
#........
#........
######...
...


You could see a yak.

Vanquished Creatures
  Grinder (D:3)
  5 yaks (D:5)
  A scorpion (D:5)
  Terence (D:2)
  An orc wizard (D:3)
  An iguana (D:5)
  5 adders
  2 white imps (D:5)
  A worm (D:2)
  2 dart slugs
  15 orcs
  8 bats
  9 endoplasms
  3 goblins
  4 hobgoblins
  2 jackals (D:3)
  10 kobolds
  A quokka (D:1)
  6 ball pythons
  2 frilled lizards
  6 rats
86 creatures vanquished.

Notes
Turn   | Place    | Note
-------+----------+-------------------------------------------
     0 | D:1      | jifgo the Minotaur Berserker began the quest for the Orb.
     0 | D:1      | Reached XP level 1. HP: 19/19 MP: 0/0
   210 | D:1      | Reached skill level 4 in Axes
   213 | D:1      | Reached XP level 2. HP: 18/26 MP: 1/1
   718 | D:1      | Found a faded altar of an unknown god.
  1355 | D:2      | Reached skill level 5 in Axes
  1405 | D:2      | Reached XP level 3. HP: 22/31 MP: 2/2
  1841 | D:2      | Noticed Terence
  1854 | D:2      | Killed Terence
  1855 | D:2      | Reached skill level 6 in Axes
  1855 | D:2      | Reached XP level 4. HP: 30/39 MP: 3/3
  2079 | D:2      | Identified the ring "Pahoq" {*Corrode +Blink Str+5 Dex+6}
  2110 | D:2      | Reached ** piety under Trog
  2430 | D:3      | Found Beysh's Antique Armour Emporium.
  2477 | D:3      | Found Tuss's Antique Weapon Shop.
  2478 | D:3      | Noticed Grinder
  2489 | D:3      | Paralysed by Grinder for 2 turns
  2495 | D:3      | Killed Grinder
  2496 | D:3      | Reached skill level 8 in Axes
  2496 | D:3      | Reached XP level 5. HP: 45/45 MP: 4/4
  2496 | D:3      | Reached XP level 6. HP: 51/51 MP: 5/5
  2626 | D:3      | Found a white marble altar of Elyvilon.
  2933 | D:3      | Found a runed translucent door.
  2933 | D:3      | Noticed chrisa4242's ghost (amateur KoFi)
  2980 | D:3      | Found Monyssof's Book Boutique.
  3028 | D:3      | Found Ylieg's Armour Shop.
  3174 | D:3      | Found Qiopty's Jewellery Shop.
  4240 | D:4      | Identified the +9 mace "Faicvoe" {distort, Str+3}
  4392 | D:5      | Entered Level 5 of the Dungeon
  4494 | D:5      | Noticed a yak
  4494 | D:5      | Noticed a yak
  4494 | D:5      | Noticed a yak
  4494 | D:5      | Noticed a yak
  4494 | D:5      | Noticed a yak
  4494 | D:5      | Noticed a yak
  4499 | D:5      | Killed a yak
  4500 | D:5      | Reached skill level 1 in Maces & Flails
  4500 | D:5      | Reached skill level 1 in Throwing
  4500 | D:5      | Reached XP level 7. HP: 41/59 MP: 6/6
  4500 | D:5      | Killed a yak
  4504 | D:5      | Killed a yak
  4506 | D:5      | Killed a yak
  4507 | D:5      | Reached skill level 5 in Fighting
  4510 | D:5      | Reached XP level 8. HP: 26/68 MP: 7/7
  4514 | D:5      | HP: 2/103 [yak (5)]
  4515 | D:5      | Slain by a yak

Illustrated notes

Levels and vault maps discovered:
D:1:      sevenhm_arrival_forest_fort_small_3, layout_basic,
          shapermc_ecumenical_altar_petra
D:2:      layout_basic, uniq_terence
D:3:      layout_loops_ring, lemuel_crystal_altar, ebering_ghost_sewer_d,
          serial_shops, nicolae_shop_trees, nicolae_shop_hallway_plus, shop,
          nicolae_shop_stone, shop, dreamdust_mushroom_princess, uniq_grinder
D:4:      layout_loops_corners
D:5:      layout_basic

Skill      XL: |  1  2  3  4  5  6  7  8 |
---------------+-------------------------+-----
Axes           | 4 5 6 8 |  8.7
Fighting       | 4 5 |  5.6
Maces & Flails | 1 3 4 |  4.0
Throwing       | 1 2 3 |  3.2
Armour         | 3 4 |  4.8
Dodging        | |  2.1

Action                   |  1- 3 |  4- 6 |  7- 9 || total
-------------------------+-------+-------+-------++-------
Melee: Hand axe          |    37 |    68 |       ||   105
       Headbutt          |     2 |    12 |     2 ||    16
       War axe           |       |    21 |       ||    21
       Mace              |       |     5 |    15 ||    20
 Fire: Hunting sling     |    52 |    39 |       ||    91
Invok: Berserk           |     1 |     2 |       ||     3
  Use: Scroll            |       |     4 |       ||     4
Armor: Animal skin       |    11 |       |       ||    11
       Chain mail        |       |    57 |     5 ||    62
Dodge: Dodged            |    43 |    41 |    10 ||    94

Table legend: (Time is in decaauts)
 A = Elapsed time spent in this place.
 B = Non-inter-level travel time spent in this place.
 C = Inter-level travel time spent in this place.
 D = Time resting spent in this place.
 E = Time spent auto-exploring this place.
 F = Levels seen in this place.
 G = Mean time per level.
                   A        B        C        D        E       F      G
               +--------+--------+--------+--------+--------+-----+--------+
         Total |   4562 |   4410 |    152 |    892 |   2868 |   5 |  912.4 |
       Dungeon |   4562 |   4410 |    152 |    892 |   2868 |   5 |  912.4 |
               +--------+--------+--------+--------+--------+-----+--------+

Top non-repeatable levels by time:
     D:2: 1433 daAuts
     D:3: 1075 daAuts
     D:1: 1024 daAuts
     D:4: 909 daAuts
     D:5: 119 daAuts
